 Dungeon Crawl Stone Soup version 0.29.0-4-gdea44cf6ec (webtiles) character file.

Game seed: 16771164555111392299

12 qw the Sneak (level 2, -1/14 HPs)
             Began as a Felid Delver on Aug 27, 2022.
             Slain by a black bear (4 damage)
             ... on level 4 of the Dungeon.
             The game lasted 00:00:00 (69 turns).

qw the Sneak (Felid Delver)                           Turns: 69, Time: 00:00:01

Health: -1/14      AC:  1    Str:  8    XL:     2   Next: 20%
Magic:  3/3        EV: 17    Int: 11    God:
Gold:   0          SH:  0    Dex: 17    Spells: 1/1 levels left
                                        Lives:  0   Deaths: 0

rFire   . . .      SeeInvis +     - Unarmed
rCold   . . .      Faith    .   (shield unavailable)
rNeg    . . .      Spirit   .   (body armour unavailable)
rPois   .          Reflect  .   (helmet unavailable)
rElec   .          Harm     .   (cloak unavailable)
rCorr   .          Rampage  .   (gloves unavailable)
Will    +....                   (boots unavailable)
Stlth   +++.......              (no amulet)
HPRegen 0.04/turn               f - ring of willpower
MPRegen 0.08/turn               (no ring)

@: quick
A: very small, claws 1, fangs 3, see invisible, speed 1, shaggy fur 1, stealthy
paws, no weapons or thrown items, no armour, multi-lived
a: no special abilities


You were on level 4 of the Dungeon.
You visited 1 branch of the dungeon, and saw 2 of its levels.


Innate Abilities, Weirdness & Mutations

You have sharp claws.
You have razor-sharp teeth.
You have supernaturally acute eyesight. (SInv)
You cover ground quickly. (Speed+)
You are covered in fur. (AC +1)
Your paws help you pounce on unaware monsters.
You are incapable of wielding weapons or throwing items.
You cannot wear armour.
You gain extra lives every three experience levels.


   Skills:
 - Level 3.0 Fighting
 - Level 2.6 Dodging
 - Level 6.6 Stealth
 + Level 2.9 Unarmed Combat


You had one spell level left.
You didn't know any spells.
Your spell library was empty.

Inventory:

Jewellery
 f - a ring of willpower (left paw)
Wands
 e - a wand of digging (3)
Potions
 d - a potion of haste

Dungeon Overview and Level Annotations

Branches:
Dungeon (5/15)
 Temple: D:4-7

Altars:


Message History

You pounce on the unaware helpless orc!
You mangle the orc!!
You kill the orc!
An endoplasm comes into view.
An endoplasm comes into view.
Found a scroll labelled UJECHU SUFAPS.
Found a glowing ruby potion.
Found a stone staircase leading up.
You pounce on the unaware helpless endoplasm!
You mangle the endoplasm!!
You kill the endoplasm!
(D) Dungeon
Where to? (* - list waypoints, Enter - D:4, ? - help)
What level of the Dungeon? (default 1, ? - help)
A black bear comes into view.
An adder comes into view.
Found a whip.
Found 11 gold pieces.
The helpless adder fails to defend itself.
You mangle the adder!!
You kill the adder!
You have reached level 2!
The black bear growls angrily.
You hear a shout! x3
A gnoll comes into view. It is wielding a +0 flail.
A gnoll comes into view. It is wielding a +0 flail.
An endoplasm comes into view.
The endoplasm quivers.
You scratch the black bear.
The black bear is lightly wounded.
The black bear barely misses you. The black bear claws you.
The black bear misses you.
A gnoll comes into view. It is wielding a +0 whip.
The gnoll shouts!
You scratch the black bear.
The black bear is lightly wounded.
You hear a shout!
The black bear bites you. The black bear claws you. The black bear misses you.
You barely miss the black bear.
The black bear is lightly wounded.
The black bear bites you.
You die...

. ##.......###....# #.
#.. #........#... ##.#
#.# ##....>....# ..J..
#.####?..###).....
##...##<##...#.###......
.......J...............#
........##..........###.
..g.....##..........#
.g..g.h@)#...?........
......................
######.............#..
#..#..........!..
#..##.........#. #...
..... #... ..##. ...$ ##


You could see a black bear, 3 gnolls and 2 endoplasms.

Vanquished Creatures
  An adder (D:4)
  An orc (D:4)
  An endoplasm (D:4)
3 creatures vanquished.

Notes
Turn   | Place    | Note
-------+----------+-------------------------------------------
     0 | D:5      | qw the Felid Delver began the quest for the Orb.
     0 | D:5      | Reached XP level 1. HP: 10/10 MP: 2/2
     0 | D:5      | 0 ||| qw: Version: 0.1-a-89-g26bdef1
     0 | D:5      | 0 ||| qw: Game counter: 139
     0 | D:5      | 0 ||| qw: Always use a shield: true
     0 | D:5      | 0 ||| qw: God list: Okawaru, Trog
     0 | D:5      | 0 ||| qw: Allow faded altars: false
     0 | D:5      | 0 ||| qw: Do Orc after D:15 true
     0 | D:5      | 0 ||| qw: Do second Lair branch before Depths: true
     0 | D:5      | 0 ||| qw: Lair rune preference: random
     0 | D:5      | 0 ||| qw: Plans: Normal
     0 | D:5      | 0 ||| PLANNING D:1-11
    12 | D:5      | 12 ||| UPGRADING to ring of willpower.
    13 | D:5      | 13 ||| DROPPING scroll of fog.
    14 | D:5      | 14 ||| DROPPING scroll of magic mapping.
    15 | D:5      | 15 ||| DROPPING scroll of fear.
    46 | D:4      | Noticed a black bear
    63 | D:4      | Reached XP level 2. HP: 14/14 MP: 3/3
    68 | D:4      | HP: 3/14 [black bear (2)]
    69 | D:4      | Slain by a black bear

Levels and vault maps discovered:
D:4:      minmay_wonky_spiral, layout_rooms, zin_statuary,
          minmay_temple_entry_slanted, uniq_grinder
D:5:      layout_loops_ring, amcnicky_altar_gilded,
          minmay_a_box_with_orc_wizards_in_it

Action                   || total
-------------------------++-------
Melee: Unarmed           ||     6
 Stab: Sleeping          ||     3
Dodge: Dodged            ||     3

Table legend:
 A = Non-vault XP
 B = Vault XP
 C = Vault XP percentage of total XP
 D = Non-vault monster count
 E = Vault monster count
 F = Vault count percentage of total count
                 A         B        C        D         E       F
            +---------+---------+-------+---------+---------+-------
      Total |      18 |       0 |   0.0 |       3 |       0 |   0.0
            +---------+---------+-------+---------+---------+-------
        D:4 |      18 |       0 |   0.0 |       3 |       0 |   0.0
            +---------+---------+-------+---------+---------+-------
